 Dungeon Crawl Stone Soup version 0.23.0 (webtiles) character file.

Game seed: 13496436461775903541

209 Laan the Firebug (level 5, -7/37 HPs)
             Began as a Gnoll Fire Elementalist on Feb 11, 2019.
             Killed from afar by Ijyb (19 damage)
             ... with a wand of acid (5)
             ... on level 3 of the Dungeon.
             The game lasted 00:06:55 (3011 turns).

Laan the Firebug (Gnoll Fire Elementalist)          Turns: 3011, Time: 00:06:55

Health: -7/37      AC:  4    Str: 11    XL:     5   Next: 87%
Magic:  3/12       EV: 15    Int: 18    God:
Gold:   109        SH:  0    Dex: 15    Spells: 13/14 levels left

rFire    . . .     SeeInvis .   p - +0 dagger
rCold    . . .     Gourm    .   (no shield)
rNeg     . . .     Faith    .   a - +0 robe
rPois    .         Spirit   .   s - +0 hat
rElec    .         Reflect  .   (no cloak)
rCorr    .         Harm     .   o - +0 pair of gloves
MR       .....                  n - +0 pair of boots
Stlth    +++.......             (no amulet)
HPRegen  0.12/turn              (no ring)
MPRegen  0.13/turn              (no ring)

@: no status effects
A: distributed training, fangs 1, strong nose
a: no special abilities


You were on level 3 of the Dungeon.
You were not hungry.

You visited 1 branch of the dungeon, and saw 3 of its levels.

You collected 109 gold pieces.

Inventory:

Hand Weapons
 p - a +0 dagger (weapon)
Armour
 a - a +0 robe (worn)
 n - a +0 pair of boots (worn)
 o - a +0 pair of gloves (worn)
 s - a +0 hat (worn)
Scrolls
 b - a scroll of random uselessness {unknown}
 g - a scroll of immolation {unknown}
 h - a scroll of remove curse {unknown}
 j - 2 scrolls of fog {unknown}
 r - 2 scrolls of identify {unknown}
 u - 2 scrolls of teleportation {unknown}
 w - a scroll of fear {unknown}
Potions
 d - a potion of haste {unknown}
 e - a potion of ambrosia {unknown}
 f - a potion of magic {unknown}
 i - 3 potions of lignification {unknown}
 k - a potion of heal wounds {unknown}
 l - 2 potions of mutation {unknown}
 m - 2 potions of brilliance {unknown}
 q - a potion of cancellation {unknown}
 t - a potion of flight {unknown}
 v - a potion of berserk rage {unknown}
Comestibles
 c - 7 rations
 x - 8 chunks of flesh


   Skills:
 + Level 1.6 Fighting
 + Level 1.6 Short Blades
 + Level 1.6 Long Blades
 + Level 1.6 Axes
 + Level 1.6 Maces & Flails
 + Level 1.6 Polearms
 + Level 1.6 Staves
 + Level 1.6 Slings
 + Level 1.6 Bows
 + Level 1.6 Crossbows
 + Level 1.6 Throwing
 + Level 1.6 Armour
 + Level 4.8 Dodging
 + Level 4.4 Stealth
 + Level 1.6 Shields
 + Level 1.6 Unarmed Combat
 + Level 5.2 Spellcasting
 + Level 2.4 Conjurations
 + Level 1.3 Hexes
 + Level 1.3 Charms
 + Level 1.3 Summonings
 + Level 1.3 Necromancy
 + Level 1.3 Translocations
 + Level 1.3 Transmutations
 + Level 5.6 Fire Magic
 + Level 1.3 Ice Magic
 + Level 1.3 Air Magic
 + Level 1.3 Earth Magic
 + Level 1.3 Poison Magic
 + Level 1.8 Invocations
 + Level 1.6 Evocations


You had 13 spell levels left.
You knew the following spells:

 Your Spells              Type           Power        Failure   Level  Hunger
a - Flame Tongue          Conj/Fire      ###..        2%          1    None

Your spell library contained the following spells:

 Spells                   Type           Power        Failure   Level  Hunger
 Throw Flame              Conj/Fire      ###...       3%          2    #......
 Confusing Touch          Hex            #.....       8%          1    None
 Conjure Flame            Conj/Fire      ###.....     8%          3    ##.....
 Inner Flame              Hex/Fire       ###.....     10%         3    ##.....
 Confuse                  Hex            #.......     22%         3    ##.....
 Gell's Gravitas          Tloc           #.........   22%         3    ##.....
 Sticky Flame             Conj/Fire      ###.....     24%         4    ####...
 Fireball                 Conj/Fire      ###.......   56%         5    ######.
 Petrify                  Tmut/Erth      #.......     58%         4    ####...
 Metabolic Englaciation   Hex/Ice        #.........   91%         5    ######.
 Yara's Violent Unravell  Hex/Tmut       #.........   91%         5    ######.


Dungeon Overview and Level Annotations

Branches:
Dungeon (3/15)

Altars:
Dithmenos
Elyvilon
Fedhas
Trog
Xom

Annotations:
D:3 Ijyb


Innate Abilities, Weirdness & Mutations

Your experience applies equally to all skills.
You have very sharp teeth.
Your uncanny sense of smell can sniff out nearby items.


Message History

Aim: Ijyb, wielding a +0 club, wearing a +0 ring mail and carrying a wand of acid (6) (heavily wounded)
The flame tongue hits Ijyb but does no damage.
Ijyb is heavily wounded.
Ijyb zaps a wand.
The bolt of acid hits you!
You are splashed with acid!
Casting: Flame Tongue (safe; 2% risk of failure)
Confirm with . or Enter, or press ? or * to list all spells.
Aiming: Flame Tongue (safe; 2% risk of failure)
Press: ? - help, Shift-Dir - straight line, f/p - Ijyb
Aim: Ijyb, wielding a +0 club, wearing a +0 ring mail and carrying a wand of acid (5) (heavily wounded)
The flame tongue misses Ijyb.
Ijyb hits you but does no damage.
Casting: Flame Tongue (safe; 2% risk of failure)
Confirm with . or Enter, or press ? or * to list all spells.
Aiming: Flame Tongue (safe; 2% risk of failure)
Press: ? - help, Shift-Dir - straight line, f/p - Ijyb
Aim: Ijyb, wielding a +0 club, wearing a +0 ring mail and carrying a wand of acid (5) (heavily wounded)
The flame tongue hits Ijyb.
Ijyb is severely wounded.
Ijyb zaps a wand.
The bolt of acid hits you!!
Ouch! That really hurt!
You die...

#.##.# ... ##..#.# .# .o. ∆
.....# .# #.. #...# #.. .o.
#######..###.#
###g######..........#.#
#.......##......)>..#.###.
#.......##..........#...#.#
#.......##@........÷....#.#
#######.##g.............#.#
.#.#g #.##..............#.#
≈≈≈≈≈≈#.'(..§§......#...#.#
......'(##(§.§......#.###.#
≈≈≈≈≈≈##<#(#§§.######.#....
#.#.#. #.#(##### #.#.#.# #
# #.#(# #)#.#.# #.(.#
#.#.#.#


You could see Ijyb.

Vanquished Creatures
  2 orc wizards (D:2)
  Terence (D:1)
  2 adders
  An ooze (D:1)
  3 adder zombies (D:2)
  2 worms (D:2)
  A dart slug (D:2)
  A leopard gecko (D:1)
  4 orcs
  A bat skeleton (D:2)
  2 bat zombies (D:2)
  6 giant cockroaches (D:2)
  12 goblins
  9 hobgoblins
  12 kobolds
  A quokka (D:2)
  A ball python (D:1)
  A bat (D:2)
  7 frilled lizards
  A giant cockroach zombie (D:2)
  A jackal zombie (D:2)
  A leopard gecko skeleton (D:2)
  12 rats
84 creatures vanquished.

Notes
Turn   | Place    | Note
-------+----------+-------------------------------------------
     0 | D:1      | Laan the Gnoll Fire Elementalist began the quest for the
                  | Orb.
     0 | D:1      | Reached XP level 1. HP: 13/13 MP: 6/6
    39 | D:1      | Reached XP level 2. HP: 19/19 MP: 4/7
   658 | D:1      | Reached XP level 3. HP: 25/25 MP: 7/9
   761 | D:2      | Noticed Terence
   815 | D:1      | Killed Terence
   815 | D:1      | Reached skill level 5 in Spellcasting
   815 | D:1      | Reached skill level 1 in Invocations
  1047 | D:2      | Reached skill level 1 in Fighting
  1047 | D:2      | Reached skill level 1 in Short Blades
  1047 | D:2      | Reached skill level 1 in Long Blades
  1047 | D:2      | Reached skill level 1 in Axes
  1047 | D:2      | Reached skill level 1 in Maces & Flails
  1047 | D:2      | Reached skill level 1 in Polearms
  1047 | D:2      | Reached skill level 1 in Staves
  1047 | D:2      | Reached skill level 1 in Slings
  1047 | D:2      | Reached skill level 1 in Bows
  1047 | D:2      | Reached skill level 1 in Crossbows
  1047 | D:2      | Reached skill level 1 in Throwing
  1047 | D:2      | Reached skill level 1 in Armour
  1047 | D:2      | Reached skill level 1 in Shields
  1047 | D:2      | Reached skill level 1 in Unarmed Combat
  1047 | D:2      | Reached skill level 1 in Evocations
  1047 | D:2      | Reached XP level 4. HP: 31/32 MP: 6/11
  1142 | D:2      | Found a blossoming altar of Fedhas.
  1143 | D:2      | Found a white marble altar of Elyvilon.
  1375 | D:2      | Found a bloodstained altar of Trog.
  1635 | D:2      | Found a shimmering altar of Xom.
  1932 | D:2      | Reached skill level 1 in Hexes
  1932 | D:2      | Reached skill level 1 in Charms
  1932 | D:2      | Reached skill level 1 in Summonings
  1932 | D:2      | Reached skill level 1 in Necromancy
  1932 | D:2      | Reached skill level 1 in Translocations
  1932 | D:2      | Reached skill level 1 in Transmutations
  1932 | D:2      | Reached skill level 1 in Ice Magic
  1932 | D:2      | Reached skill level 1 in Air Magic
  1932 | D:2      | Reached skill level 1 in Earth Magic
  1932 | D:2      | Reached skill level 1 in Poison Magic
  2127 | D:2      | Reached XP level 5. HP: 37/37 MP: 4/12
  2760 | D:3      | Found a shadowy altar of Dithmenos.
  2979 | D:3      | Noticed Ijyb
  3011 | D:3      | Killed from afar by Ijyb

Skill      XL: |  1  2  3  4 |
---------------+-------------+-----
Conjurations   | 2 |  2.4
Spellcasting   | 5 |  5.2
Invocations    | 1 |  1.8
Fighting       | 1 |  1.6
Short Blades   | 1 |  1.6
Long Blades    | 1 |  1.6
Axes           | 1 |  1.6
Maces & Flails | 1 |  1.6
Polearms       | 1 |  1.6
Staves         | 1 |  1.6
Slings         | 1 |  1.6
Bows           | 1 |  1.6
Crossbows      | 1 |  1.6
Throwing       | 1 |  1.6
Armour         | 1 |  1.6
Shields        | 1 |  1.6
Unarmed Combat | 1 |  1.6
Evocations     | 1 |  1.6
Hexes          | 1 |  1.3
Charms         | 1 |  1.3
Summonings     | 1 |  1.3
Necromancy     | 1 |  1.3
Translocations | 1 |  1.3
Transmutations | 1 |  1.3
Ice Magic      | 1 |  1.3
Air Magic      | 1 |  1.3
Earth Magic    | 1 |  1.3
Poison Magic   | 1 |  1.3
Dodging        | |  4.8
Stealth        | |  4.4
Fire Magic     | |  5.6

Action                   |  1- 3 |  4- 6 || total
-------------------------+-------+-------++-------
 Cast: Flame Tongue      |    52 |   138 ||   190
  Eat: Chunk             |       |     6 ||     6
Armor: Robe              |     2 |     7 ||     9
Dodge: Dodged            |    10 |    41 ||    51
